 Dungeon Sprint DCSS version 0.17-a0-1575-g9a29ec8 (webtiles) character file.

1687 nuthulu the Tortoise (level 10, 0/73 HPs)
             Began as a Gargoyle Fighter on July 26, 2015.
             Was a High Priest of Okawaru.
             Slain by a rust devil (11 damage)
             ... in the Dungeon (Sprint VI: "Thunderdome").
             The game lasted 00:10:01 (1578 turns).

nuthulu the Tortoise (Gargoyle Fighter)             Turns: 1578, Time: 00:10:01

Health: 0/73       AC: -9    Str: 24    XL:     10   Next: 93%
Magic:  9/10       EV: 10    Int:  8    God:    Okawaru [*****.]
Gold:   36         SH: 17    Dex:  9    Spells: 0 memorised, 9 levels left

rFire  . . .     SeeInvis +     a - +0 flail (flame)
rCold  . . .     Clarity  .     t - +4 plate armour
rNeg   + . .     SustAt   .     c - +2 shield
rPois  ∞         Gourm    .     (no helmet)
rElec  +         Spirit   .     d - +2 cloak
rCorr  .         Warding  .     (no gloves)
rMut   +         NoTele   +     (no boots)
MR     ++...                    p - amulet "Ymoleuwo" {rMut -Tele Str+3 Slay+3}
Stlth  ..........               s - ring of the Gastropod {rPois MR+ Dex-3 SInv Stlth-} (curse)
                                q - ring of Liyceur {rPois MR+}

@: heroism, corroded equipment, studying Armour, very resistant to hostile
enchantments, extremely unstealthy
A: negative energy resistance 1, electricity resistance, unbreathing,
petrification resistance, rot immunity, AC +7
a: Heroism, Finesse, Renounce Religion
}: 1/15 runes: serpentine


You were in the Dungeon.
You worshipped Okawaru.
Okawaru was extremely pleased with you.
You were hungry.

You visited 1 branch You collected 1580 gold pieces.
You spent 1544 gold pieces at shops.

Inventory:

Hand weapons
 a - a +0 flail of flaming (weapon)
 w - a +0 morningstar of pain
Missiles
 j - 9 arrows
Armour
 b - a +0 scale mail
 c - a +2 shield (worn)
 d - a +2 cloak (worn)
 t - a +4 plate armour (worn)
Jewellery
 p - the amulet "Ymoleuwo" (around neck) {rMut -Tele Str+3 Slay+3}
   (You bought it in a shop in the Dungeon)

   [amulet of resist mutation]

   It protects you from mutation.
   It affects your strength (+3).
   It affects your accuracy and damage with ranged weapons and melee attacks
   (+3).
   It prevents most forms of teleportation.
 q - the ring of Liyceur (left hand) {rPois MR+}
   (You bought it in a shop in the Dungeon)

   [ring of poison resistance]

   It protects you from poison.
   It affects your resistance to hostile enchantments.
 r - the ring of Qouskyhi {rN+ Int-5 Dex+3 Stlth+}
   (You bought it in a shop in the Dungeon)

   [ring of positive energy]

   It affects your intelligence (-5).
   It affects your dexterity (+3).
   It protects you from negative energy.
   It makes you more stealthy.
 s - the cursed ring of the Gastropod (right hand) {rPois MR+ Dex-3 SInv Stlth-}
   (You bought it in a shop in the Dungeon)

   [ring of dexterity]

   It affects your dexterity (-3).
   It protects you from poison.
   It affects your resistance to hostile enchantments.
   It lets you see invisible.
   It makes you less stealthy.
   It has a curse placed upon it.
Magical devices
 l - a wand of cold (5)
 m - a wand of fire (5)
Scrolls
 k - 4 scrolls of blinking
 n - 3 scrolls of fog
Potions
 f - a potion of curing
 g - 4 potions of heal wounds
 h - 3 potions of haste
 i - 2 potions of magic
 o - a potion of resistance
Books
 u - a manual of Armour
Comestibles
 e - a bread ration
 v - a royal jelly


   Skills:
 + Level 13.2(18.2) Fighting
 + Level 13.7(18.7) Maces & Flails
 + Level 15.2(20.2) Armour
 + Level 13.2(18.2) Shields


You had 9 spell levels left.
You didn't know any spells.

Dungeon Overview and Level Annotations

Branches:
Dungeon (1/1)

Altars:
Cheibriados
Dithmenos
Fedhas
Gozag
Kikubaaqudgha
Makhleb
Okawaru
Qazlal
Ru
Sif Muna
Trog
Vehumet
Xom
Yredelemnul
Zin
The Shining One
Jiyva
Lugonu

Shops:
D *[%??*?*:[((!!!!


Innate Abilities, Weirdness & Mutations

You are resistant to torment.
Your stone body is resilient (AC +7).
You are immune to poison.
You resist negative energy.
You are resistant to electric shocks.
You can survive without breathing.
You are immune to petrification.
You are immune to rotting.


Message History

The rust devil is severely wounded.
You block the rust devil's attack.
You hit the rust devil but do no damage.
The rust devil is heavily wounded.
The rust devil hits you. The rust devil corrodes you!
You hit the rust devil but do no damage.
The rust devil is heavily wounded.
You hit the rust devil but do no damage.
The rust devil is heavily wounded. 10...
The rust devil hits you! The rust devil corrodes you!
You hit the rust devil but do no damage.
The rust devil is heavily wounded.
The rust devil hits you!
* * * LOW HITPOINT WARNING * * *
The rust devil corrodes you!
You hit the rust devil but do no damage.
The rust devil is heavily wounded.
The rust devil hits you!
You die...

#_.[....._# ###....(..[.###
#⌠......(....⌠#
######.8......(..8.######
##∩___......###......___∩##
###∩........8.# #.8[.......∩###
##.............###^..[.........##
#⌠..........###...###..........⌠#
#⌠..........# #.@.# #..........⌠#
#⌠..........###..4###..........⌠#
##.............###4E...........##
###∩.....[..8.# #.8........∩###
##∩.__......###......_..∩##
######.8.†....E..8.######
#⌠...........⌠# ###.........###
#_......._#


You could see an earth elemental and 2 rust devils.

Vanquished Creatures
  Aizul (D)
  2 wolf spiders (D)
  A torpor snail (D)
  3 demonic crawlers (D)
  A jumping spider (D)
  A boulder beetle (D)
  Sigmund (D)
  A tarantella (D)
  2 orc warriors (D)
  3 spiders (D)
  9 brain worms (D)
  4 earth elementals (D)
  6 killer bees (D)
  An orc priest (D)
  3 jellies (D)
  2 orc wizards (D)
  An iguana (D)
  Jessica (D)
  Terence (D)
  An iron imp (D)
  2 giant eyeballs (D)
  2 oozes (D)
  2 worms (D)
  3 orcs (D)
  A goblin (D)
  2 giant cockroaches (D)
  A jackal (D)
58 creatures vanquished.

Notes
Turn   | Place    | Note
--------------------------------------------------------------
     0 | D        | nuthulu the Gargoyle Fighter began the quest for the Orb.
     0 | D        | Reached XP level 1. HP: 14/14 MP: 1/1
     1 | D        | Found a shadowy altar of Dithmenos.
     1 | D        | Found an iron altar of Okawaru.
     3 | D        | Found a snail-covered altar of Cheibriados.
     3 | D        | Found an opulent altar of Gozag.
     4 | D        | Found a bloodstained altar of Trog.
     4 | D        | Found an ancient bone altar of Kikubaaqudgha.
     5 | D        | Found a radiant altar of Vehumet.
     5 | D        | Round 1.
     6 | D        | Found a shimmering altar of Xom.
     6 | D        | Found a basalt altar of Yredelemnul.
     6 | D        | Found Goeb's Premium Goods.
     6 | D        | Found Gegh's Weapon Rack.
     7 | D        | Found Harhoi's Identification Station.
     7 | D        | Found Vixiap Teuz's Miscellaneous Merchandise.
     7 | D        | Found Gieb's Basic Armour.
     8 | D        | Found Papi's Advanced Armour.
     8 | D        | Found Plog's Jewellery.
     9 | D        | Found a sacrificial altar of Ru.
     9 | D        | Found a glowing golden altar of the Shining One.
     9 | D        | Found Zasiaw's Bee Food.
    15 | D        | Found a stormy altar of Qazlal.
    16 | D        | Found a corrupted altar of Lugonu.
    16 | D        | Found a viscous altar of Jiyva.
    16 | D        | Found Egyx's Magic Scroll Shop.
    16 | D        | Found Lucexteu's Staff Store.
    17 | D        | Found Anecius's Magic Scroll Shop.
    17 | D        | Found Sith's Must-Have Magic.
    21 | D        | Became a worshipper of Warmaster Okawaru
    27 | D        | Found a deep blue altar of Sif Muna.
    41 | D        | Bought a sparkling pewter amulet for 45 gold pieces
    41 | D        | Bought a flickering bone ring for 45 gold pieces
    41 | D        | Bought a vibrating steel ring for 45 gold pieces
    41 | D        | Identified the amulet "Ymoleuwo" {rMut -Tele Str+3 Slay+3} (You bought it in a shop in the Dungeon)
    42 | D        | Identified the ring of Liyceur {rPois MR+} (You bought it in a shop in the Dungeon)
    43 | D        | Identified the ring of Qouskyhi {rN+ Int-5 Dex+3 Stlth+} (You bought it in a shop in the Dungeon)
    55 | D        | Bought a pitted steel ring for 45 gold pieces
    55 | D        | Identified the cursed ring of the Gastropod {rPois MR+ Dex-3 SInv Stlth-} (You bought it in a shop in the Dungeon)
    61 | D        | Noticed Terence
    77 | D        | Killed Terence
    77 | D        | Reached skill level 4 in Fighting
    77 | D        | Reached XP level 2. HP: 13/20 MP: 2/2
    77 | D        | Reached XP level 3. HP: 15/24 MP: 3/3
   132 | D        | Found a blossoming altar of Fedhas.
   135 | D        | Found Izitiemp's Do-It-Yourself Clinic.
   135 | D        | Found a glowing silver altar of Zin.
   135 | D        | Found a burning altar of Makhleb.
   135 | D        | Found Peruef's Distillery.
   136 | D        | Found Jiqaf's Bottled Wisdom.
   136 | D        | Found Deurrun's Distillery.
   137 | D        | Noticed Jessica
   142 | D        | Noticed Sigmund
   145 | D        | Killed Jessica
   145 | D        | Reached skill level 5 in Fighting
   145 | D        | Reached skill level 5 in Armour
   145 | D        | Reached skill level 5 in Shields
   154 | D        | Killed Sigmund
   154 | D        | Acquired Okawaru's first power
   154 | D        | Reached skill level 7 in Fighting
   154 | D        | Reached XP level 4. HP: 26/34 MP: 4/4
   154 | D        | Reached XP level 5. HP: 29/38 MP: 5/5
   159 | D        | Arena points: 14 (+14) [x2]
   159 | D        | Reached XP level 6. HP: 24/44 MP: 6/6
   192 | D        | Round 2.
   295 | D        | Reached skill level 8 in Fighting
   307 | D        | Reached XP level 7. HP: 44/50 MP: 5/7
   324 | D        | Arena points: 56 (+42) [x3]
   366 | D        | Round 3.
   405 | D        | Reached skill level 9 in Fighting
   510 | D        | Arena points: 140 (+84) [x4]
   532 | D        | Bought a scroll of brand weapon for 200 gold pieces
   554 | D        | Round 4.
   599 | D        | Arena points: 300 (+160) [x5]
   623 | D        | Bought a +0 cloak for 54 gold pieces
   632 | D        | Round 5.
   632 | D        | Noticed a naga sharpshooter
   633 | D        | Noticed Aizul
   649 | D        | Killed Aizul
   649 | D        | Arena points: 545 (+245) [x7]
   649 | D        | Reached skill level 10 in Fighting
   649 | D        | Reached skill level 10 in Armour
   649 | D        | Reached skill level 10 in Shields
   649 | D        | Reached XP level 8. HP: 14/59 MP: 5/8
   650 | D        | Got a serpentine rune of Zot
   655 | D        | Reached skill level 11 in Maces & Flails
   655 | D        | Reached XP level 9. HP: 10/63 MP: 6/9
   676 | D        | Bought a +0 plate armour for 276 gold pieces
   700 | D        | Bought 3 potions of heal wounds for 105 gold pieces
   725 | D        | Bought 3 royal jellies for 24 gold pieces
   837 | D        | Round 6.
   985 | D        | Reached skill level 12 in Maces & Flails
   987 | D        | Arena points: 977 (+432) [x8]
   998 | D        | Bought 4 scrolls of enchant armour for 300 gold pieces
  1036 | D        | Round 7.
  1120 | D        | Lost intelligence.
  1126 | D        | Reached XP level 10. HP: 68/70 MP: 10/10
  1176 | D        | Arena points: 1607 (+630) [x9]
  1186 | D        | Bought 4 scrolls of enchant armour for 300 gold pieces
  1195 | D        | Round 8.
  1210 | D        | Reached skill level 13 in Armour
  1212 | D        | Noticed a wolf spider
  1229 | D        | Killed a wolf spider
  1263 | D        | Noticed a wolf spider
  1275 | D        | Noticed a torpor snail
  1300 | D        | Killed a wolf spider
  1300 | D        | Reached skill level 14 in Armour
  1313 | D        | Killed a torpor snail
  1313 | D        | Acquired Okawaru's second power
  1364 | D        | Arena points: 1687 (+80) [x1]
  1374 | D        | Bought 3 potions of heal wounds for 105 gold pieces
  1379 | D        | Round 9.
  1457 | D        | Reached skill level 15 in Armour
  1511 | D        | Received a gift from Okawaru
  1522 | D        | Noticed a rust devil
  1523 | D        | Noticed a rust devil
  1578 | D        | Slain by a rust devil

Vault maps used:
D:        arena_sprint

Action                   |  1- 3 |  4- 6 |  7- 9 | 10-12 || total
-------------------------+-------+-------+-------+-------++-------
Melee: Flail             |    25 |    21 |   128 |   197 ||   371
Invok: Heroism           |       |     1 |     3 |     6 ||    10
  Use: Potion            |     2 |       |     5 |     3 ||    10
       Scroll            |       |       |     5 |     4 ||     9
  Eat: Royal jelly       |       |       |     1 |     1 ||     2
